 Dungeon Crawl Stone Soup version 0.24.0-125-gc4c63601f3 (webtiles) character file.

Game seed: 17351330089795650486, levelgen mode: deterministic

397 Peloso the Covered (level 6, 0/55 HPs)
             Began as a Minotaur Fighter on Mar 21, 2020.
             Slain by Dowan
             ... wielding a +0 dagger
              (3 damage)
             ... on level 4 of the Dungeon.
             The game lasted 00:06:40 (2624 turns).

Peloso the Covered (Minotaur Fighter)               Turns: 2624, Time: 00:06:40

Health: 0/55       AC:  8    Str: 21    XL:     6   Next: 53%
Magic:  14/14      EV:  8    Int:  5    God:
Gold:   134        SH: 10    Dex: 11    Spells: 5/5 levels left

rFire    + . .     SeeInvis .   a - +0 long sword
rCold    + . .     Gourm    .   c - +0 shield
rNeg     . . .     Faith    .   b - +0 scale mail
rPois    .         Spirit   .   (helmet restricted)
rElec    .         Reflect  .   m - scarf {rC+ rF+}
rCorr    .         Harm     .   (no gloves)
MR       .....                  g - +0 pair of boots
Stlth    ..........             (no amulet)
HPRegen  0.18/turn              j - ring of magical power
MPRegen  0.14/turn              (no ring)

@: glowing
A: retaliatory headbutt, horns 2
a: no special abilities


You were on level 4 of the Dungeon.
You were hungry.

You visited 1 branch of the dungeon, and saw 4 of its levels.

You collected 134 gold pieces.

Inventory:

Hand Weapons
 a - a +0 long sword (weapon)
Armour
 b - a +0 scale mail (worn)
 c - a +0 shield (worn)
 g - a +0 pair of boots (worn)
 m - a scarf of resistance (worn)
Jewellery
 e - an uncursed ring of wizardry {unknown}
 j - a ring of magical power (left hand)
Wands
 p - a wand of random effects (17)
 q - a wand of flame (18)
Scrolls
 h - 3 scrolls of teleportation
 l - a scroll of amnesia
 n - a scroll of magic mapping
 r - a scroll of enchant armour
Potions
 d - a potion of might
 k - 3 potions of curing
Comestibles
 f - 6 rations


   Skills:
 + Level 4.8 Fighting
 + Level 5.2 Long Blades
 + Level 5.3 Armour
 + Level 2.0 Dodging
 + Level 4.9 Shields


You had 5 spell levels left.
You didn't know any spells.
Your spell library was empty.

Dungeon Overview and Level Annotations

Branches:
Dungeon (4/15)
 Temple: D:4-7

Altars:
Elyvilon
Hepliaklqana
Kikubaaqudgha
Nemelex Xobeh
Xom

Annotations:
D:4 Dowan


Innate Abilities, Weirdness & Mutations

You reflexively headbutt those who attack you in melee.
You have a pair of horns on your head.


Message History

Dowan hits you with a +0 dagger. Dowan barely misses you.
You riposte.
You miss Dowan. Your headbutt misses Dowan. You closely miss Dowan.
Dowan hits you but does no damage. You block Dowan's attack.
You barely miss Dowan. Your headbutt misses Dowan.
Dowan gestures wildly while chanting.
Dowan blinks!
Dowan gestures at you while chanting. The shard of ice hits you!
You partially resist.
There is a stone staircase leading up here.
You slash Dowan!
Dowan is moderately wounded.
Dowan says, "Magic will overcome all!"
Dowan gestures at you while chanting. The shard of ice hits you!!
You partially resist.
* * * LOW HITPOINT WARNING * * *
You miss Dowan. You headbutt Dowan!
Dowan is severely wounded.
Dowan hits you with a +0 dagger.
You die...

.....................#
.#######.##.###.#....# .#
#.....#......#.#
.######.........#....###
......###...#.#........#.#
............#.#......#.#.#
......####..#.#.#....#.#.#
......# #..#.#......#.#e#
......# #..#.#.@e<#.#.#.#
......#
#..#.##...).#.#.###
#######
#..#..........#...# #####
###..####.##.......[#
.....
#.....###.##.########
......
##..>.+.............
...... #....###.##.#######
......#+#.........#.#
............#.#.#.#.#


You could see Dowan.

Vanquished Creatures
  Duvessa (D:4)
  An orc priest (D:3)
  A hound (D:4)
  Jessica (D:3)
  Ijyb (D:3)
  7 adders
  2 oozes
  2 worms
  3 dart slugs
  A leopard gecko (D:1)
  6 orcs (D:3)
  3 giant cockroaches
  11 goblins
  9 hobgoblins
  6 jackals
  5 kobolds
  3 quokkas
  2 ball pythons (D:4)
  8 bats
  9 frilled lizards
  A leopard gecko skeleton (D:4)
  20 rats
103 creatures vanquished.

Notes
Turn   | Place    | Note
-------+----------+-------------------------------------------
     0 | D:1      | Peloso the Minotaur Fighter began the quest for the Orb.
     0 | D:1      | Reached XP level 1. HP: 19/19 MP: 0/0
    52 | D:1      | Reached XP level 2. HP: 16/27 MP: 1/1
   351 | D:1      | Reached XP level 3. HP: 30/33 MP: 2/2
   743 | D:2      | Reached XP level 4. HP: 28/40 MP: 3/3
   801 | D:2      | Found a shimmering altar of Xom.
   804 | D:2      | Found a white marble altar of Elyvilon.
  1329 | D:2      | Found a sparkling altar of Nemelex Xobeh.
  1648 | D:3      | Noticed Ijyb
  1666 | D:3      | Killed Ijyb
  1666 | D:3      | Reached skill level 1 in Dodging
  1666 | D:3      | Reached XP level 5. HP: 38/47 MP: 4/4
  2024 | D:3      | Noticed Jessica
  2026 | D:3      | Reached skill level 5 in Armour
  2036 | D:3      | Killed Jessica
  2370 | D:4      | Reached XP level 6. HP: 49/53 MP: 5/5
  2411 | D:4      | Found a hazy altar of Hepliaklqana.
  2411 | D:4      | Found an ancient bone altar of Kikubaaqudgha.
  2596 | D:4      | Noticed Duvessa
  2596 | D:4      | Noticed Dowan
  2617 | D:4      | Killed Duvessa
  2617 | D:4      | Reached skill level 5 in Long Blades
  2624 | D:4      | Slain by Dowan

Levels and vault maps discovered:
D:1:      minmay_arrival_three_doors, layout_loops_ring, minmay_rat_gold_closets
D:2:      layout_basic, chequers_temple_overflow_statue_of_worship,
          nemelex_altar_shiori
D:3:      layout_basic, minivault_24, minmay_fractal_squares_5, uniq_ijyb,
          uniq_jessica
D:4:      layout_basic, marbit_many_paths, kennysheep_okawaru_gauntlet,
          gammafunk_temple_overflow_pools, minmay_temple_entry_enclosed_plants,
          serial_shops, kennysheep_mini, serial_corexii_hall,
          corexii_hall_statues_i, chequers_hall_statues_y,
          corexii_hall_statues_s, corexii_hall_statues_x, first_ration,
          uniq_duvessa

Skill      XL: |  1  2  3  4  5  6 |
---------------+-------------------+-----
Armour         | 4 5 |  5.3
Fighting       | 4 |  4.8
Shields        | 4 |  4.9
Long Blades    | 3 4 5 |  5.2
Dodging        | 1 2 |  2.0

Action                   |  1- 3 |  4- 6 || total
-------------------------+-------+-------++-------
Melee: Long sword        |   100 |   151 ||   251
       Headbutt          |    12 |    24 ||    36
  Use: Scroll            |       |     4 ||     4
       Potion            |       |     3 ||     3
  Eat: Chunk             |       |     5 ||     5
Armor: Scale mail        |    38 |    45 ||    83
Dodge: Dodged            |    39 |    45 ||    84
Block: Shield            |    48 |    93 ||   141
       Rpst.: Long sword |    13 |    16 ||    29
